 Dungeon Crawl Stone Soup version 0.21.1-1-g345015f (webtiles) character file.

32 RENEGADE the Sneak (level 3, 0/27 HPs)
             Began as a Demonspawn Assassin on June 16, 2018.
             Slain by Sigmund
             ... wielding a +0 scythe
              (6 damage)
             ... on level 2 of the Dungeon.
             The game lasted 00:06:27 (1544 turns).

RENEGADE the Sneak (Demonspawn Assassin)            Turns: 1544, Time: 00:06:27

Health: 0/27       AC:  6    Str: 11    XL:     3   Next: 8%
Magic:  0/3        EV: 10    Int: 12    God:
Gold:   57         SH:  0    Dex: 15    Spells: 2/2 levels left

rFire    . . .     SeeInvis .   a - +2 dagger
rCold    . . .     Gourm    .   (no shield)
rNeg     . . .     Faith    .   h - +0 ring mail (curse)
rPois    .         Spirit   +   (no helmet)
rElec    .         Reflect  .   d - +0 cloak
rCorr    .         Harm     .   (no gloves)
MR       .....                  (no boots)
Stlth    ++........             m - amulet of guardian spirit
HPRegen  0.09/turn              (no ring)
MPRegen  0.08/turn              (no ring)

@: no status effects
A: rot immunity
a: no special abilities


You were on level 2 of the Dungeon.
You were not hungry.

You visited 1 branch of the dungeon, and saw 2 of its levels.

You collected 57 gold pieces.

Inventory:

Hand Weapons
 a - a +2 dagger (weapon)
 b - a +0 blowgun
Missiles
 e - 8 poisoned needles
 f - 2 curare-tipped needles
Armour
 c - a +0 robe
 d - a +0 cloak (worn)
 h - a cursed +0 ring mail (worn)
Jewellery
 m - an amulet of guardian spirit (around neck)
 p - an uncursed ring of protection from magic {unknown}
Scrolls
 i - a scroll of enchant weapon {unknown}
 k - 2 scrolls of remove curse {unknown}
 l - 3 scrolls of amnesia {unknown}
 o - 2 scrolls of identify {unknown}
 q - a scroll of immolation {unknown}
 r - a scroll of enchant armour {unknown}
Potions
 j - a potion of brilliance {unknown}
 n - a potion of curing {unknown}
Comestibles
 g - a ration


   Skills:
 + Level 2.3 Fighting
 + Level 2.0 Short Blades
 + Level 1.8 Throwing
 + Level 0.6 Armour
 + Level 1.2 Dodging
 + Level 4.1 Stealth


You had 2 spell levels left.
You didn't know any spells.

Dungeon Overview and Level Annotations

Branches:
Dungeon (2/15)

Altars:

Annotations:
D:2 Sigmund


Innate Abilities, Weirdness & Mutations

You are immune to rotting.


Message History

The magic dart hits you! The bat closely misses you.
The bat hits you but does no damage. The bat misses you.
The bat closely misses you. The bat hits you but does no damage.
The bat hits you but does no damage. The bat closely misses you.
The bat hits you but does no damage.
Sigmund casts a spell.
Sigmund flickers and vanishes!
The bat barely misses you. The bat hits you but does no damage.
The bat barely misses you. Something hits you but does no damage.
The bat barely misses you. The bat hits you. Something hits you!
You closely miss something. The bat barely misses you.
You barely miss something. The bat hits you but does no damage.
Something hits you.
* * * LOW HITPOINT WARNING * * *
You closely miss something. The bat closely misses you. Something hits you!
You die...

#.....# ### #.#
#.....# #.# #.#####
#.# #.# #.########
#........# #
#........# ##.#
#........# ....
#@.......#### ....#
#............
.....##........####
#....b.######
#......# ##.....#
#.....# #........#
#........#


You could see a bat.

Vanquished Creatures
  A leopard gecko (D:1)
  3 bats (D:1)
  4 giant cockroaches (D:1)
  4 goblins (D:1)
  3 hobgoblins (D:1)
  6 kobolds
  2 frilled lizards (D:1)
  4 rats (D:1)
27 creatures vanquished.

Notes
Turn   | Place    | Note
-------+----------+-------------------------------------------
     0 | D:1      | RENEGADE the Demonspawn Assassin began the quest for the Orb.
     0 | D:1      | Reached XP level 1. HP: 16/16 MP: 1/1
   146 | D:1      | Reached skill level 1 in Dodging
   204 | D:1      | Gained mutation: You are immune to rotting. [demonic ancestry]
   204 | D:1      | Reached XP level 2. HP: 20/22 MP: 2/2
   561 | D:1      | Reached skill level 4 in Stealth
   699 | D:1      | Reached XP level 3. HP: 23/27 MP: 3/3
  1399 | D:2      | Noticed Sigmund
  1544 | D:2      | Slain by Sigmund

Skill      XL: |  1  2 |
---------------+-------+-----
Dodging        | 1 |  1.2
Short Blades   | 2 |  2.0
Stealth        | 4 |  4.1
Fighting       | |  2.3
Throwing       | |  1.8
Armour         | |  0.6

Action                   || total
-------------------------++-------
Melee: Dagger            ||   101
 Stab: Sleeping          ||     3
  Eat: Ration            ||     1
Armor: Ring mail         ||    56
       Robe              ||     1
Dodge: Dodged            ||    70
